 Dungeon Crawl Stone Soup version 0.25-a0-35-g747a2b3c0c (webtiles) character file.

Game seed: 5231513541886506147, levelgen mode: deterministic

1328 Arixos the Skirmisher (level 8, -1/63 HPs)
             Began as a Demonspawn Monk on Oct 19, 2019.
             Was a Priest of Dithmenos.
             Slain by a vampire (10 damage)
             ... on level 6 of the Dungeon.
             The game lasted 00:31:52 (6219 turns).

Arixos the Skirmisher (Demonspawn Monk)             Turns: 6219, Time: 00:31:53

Health: -1/63      AC:  4    Str: 10    XL:     8   Next: 34%
Magic:  8/8        EV: 14    Int: 13    God:    Dithmenos [***...]
Gold:   294        SH:  0    Dex: 16    Spells: 7/7 levels left

rFire    . . .     SeeInvis .   f - +2 short sword (venom)
rCold    . . .     Gourm    .   (no shield)
rNeg     . . .     Faith    .   n - +0 leather armour
rPois    .         Spirit   .   (helmet restricted)
rElec    .         Reflect  .   (no cloak)
rCorr    .         Harm     .   h - +0 pair of gloves
MR       .....                  (no boots)
Stlth    +.........             j - amulet of magic regeneration
HPRegen  0.20/turn              r - -2 ring of strength (curse)
MPRegen  0.36/turn              (no ring)

@: confused, wreathed by umbra
A: antennae 1, claws 1, demonic guardian 1
a: Shadow Step, Renounce Religion


You were on level 6 of the Dungeon.
You worshipped Dithmenos.
Dithmenos was most pleased with you.
You were not hungry.

You visited 2 branches of the dungeon, and saw 7 of its levels.
You also visited: Ossuary.

You collected 294 gold pieces.

Inventory:

Hand Weapons
 f - a +2 short sword of venom (weapon)
Armour
 h - a +0 pair of gloves (worn)
 n - a +0 leather armour (worn)
Jewellery
 j - an amulet of magic regeneration (around neck)
 r - a cursed -2 ring of strength (left hand)
Wands
 m - a wand of enslavement (1)
 p - a wand of polymorph (13)
Scrolls
 d - 2 scrolls of identify
 e - a scroll of fog {unknown}
 g - 4 scrolls of remove curse
 q - a scroll of random uselessness {unknown}
 s - a scroll of teleportation
Potions
 a - a potion of brilliance {unknown}
 b - a potion of might {unknown}
 c - 2 potions of curing
 i - a potion of degeneration {unknown}
 k - a potion of agility {unknown}
Comestibles
 l - 4 rations


   Skills:
 + Level 5.6 Fighting
 + Level 3.4 Short Blades
 + Level 4.0 Armour
 + Level 5.0 Dodging
 + Level 4.6 Stealth
 - Level 2.6 Unarmed Combat
 + Level 0.7 Evocations


You had 7 spell levels left.
You didn't know any spells.
Your spell library was empty.

Dungeon Overview and Level Annotations

Branches:
Dungeon (6/15)             Temple (1/1) D:4         Ossuary (visited)

Altars:
Ashenzari
Cheibriados
Dithmenos
Elyvilon
Fedhas
Gozag
Hepliaklqana
Kikubaaqudgha
Makhleb
Nemelex Xobeh
Okawaru
Qazlal
Ru
Sif Muna
Trog
Vehumet
Wu Jian
Xom
Yredelemnul
Zin
The Shining One

Annotations:
D:2 Sigmund
D:5 Grinder, Pikel
D:6 Menkaure


Innate Abilities, Weirdness & Mutations

You have a pair of small antennae on your head.
You have sharp fingernails.
A weak demonic guardian rushes to your aid.


Message History

You see here a ring mail.
You bump into the stone wall.
You bump into the stone wall.
The vampire hits you. The vampire closely misses you.
You're too confused to move!
The orc warrior hits you with a +0 war axe!
The vampire closely misses you. The vampire bites you.
The vampire draws strength from your injuries!
You miss the orc warrior.
Menkaure, Prince of Dust comes into view.
The vampire hits you! The vampire closely misses you.
You hit your iron imp but do no damage.
Your iron imp is poisoned.
The orc warrior barely misses you. The vampire closely misses you. x2
You hit the vampire.
The vampire is lightly damaged.
The orc warrior hits you with a +0 war axe!!
* * * LOW HITPOINT WARNING * * *
The vampire hits you!
You die...

#################
#.$..V@5#.......#
#.#.#o#.#.#.#.#.###
......!...........#
####'############.#####
... ###.####.......#
##M. #.....##.#####.#
.# #. ....#.# #.# #.
#.##..(..# ##.#
#####....#.######...


You could see a vampire, an orc warrior, Menkaure and a friendly iron imp.

Vanquished Creatures
  Prince Ribbit (D:5)
  Duvessa (D:5)
  2 slaves (D:5)
  An ice beast (D:6)
  2 ogres
  2 bullfrogs (D:6)
  Dowan (D:5)
  A crimson imp (D:5)
  3 centaur zombies (Ossuary)
  2 human zombies (Ossuary)
  3 orc priests
  A bullfrog skeleton (D:3)
  3 worker ants
  2 orc wizards
  2 hound zombies (D:5)
  A hound skeleton (D:4)
  A mummy (Ossuary)
  3 adders
  2 shadow imps
  2 adder zombies (Ossuary)
  A worm (D:3)
  3 dart slugs
  3 leopard geckos
  12 orcs
  3 giant cockroaches
  A gnoll zombie (Ossuary)
  7 goblins
  6 hobgoblins
  9 jackals
  6 kobolds
  A quokka (D:3)
  A ball python (D:3)
  5 bats
  3 frilled lizards
  3 goblin zombies (Ossuary)
  A jackal skeleton (D:5)
  5 jackal zombies (Ossuary)
  2 kobold zombies (Ossuary)
  A quokka zombie (Ossuary)
  7 rats
  4 rat zombies (Ossuary)
120 creatures vanquished.

Vanquished Creatures (collateral kills)
  Edmund (D:4)
  An orc priest (D:6)
  Ijyb (D:4)
  A mummy (D:4)
  An adder zombie (Ossuary)
  An orc (D:6)
  A kobold zombie (Ossuary)
  A rat zombie (Ossuary)
8 creatures vanquished.

Grand Total: 128 creatures vanquished

Notes
Turn   | Place    | Note
-------+----------+-------------------------------------------
     0 | D:1      | Arixos the Demonspawn Monk began the quest for the Orb.
     0 | D:1      | Reached XP level 1. HP: 18/18 MP: 1/1
   327 | D:1      | Gained mutation: A weak demonic guardian rushes to your
                  | aid. [demonic ancestry]
   327 | D:1      | Reached XP level 2. HP: 24/24 MP: 2/2
   510 | D:1      | Reached skill level 1 in Armour
   819 | D:2      | Gained mutation: You have a pair of small antennae on your
                  | head. [demonic ancestry]
   819 | D:2      | Reached XP level 3. HP: 27/29 MP: 3/3
   970 | D:2      | Noticed Sigmund
  1288 | D:3      | Reached XP level 4. HP: 31/37 MP: 4/4
  2276 | D:4      | Found a staircase to the Ecumenical Temple.
  2282 | D:4      | Noticed Edmund
  2293 | D:4      | Noticed an ogre
  2308 | D:4      | Killed an ogre
  2308 | D:4      | Reached skill level 1 in Short Blades
  2308 | D:4      | Reached XP level 5. HP: 5/42 MP: 5/5
  2509 | D:4      | Found a sand-covered staircase.
  2530 | Temple   | Entered the Ecumenical Temple
  2791 | Temple   | Became a worshipper of Dithmenos the Shadowed
  2791 | Temple   | Reached * piety under Dithmenos
  2791 | Temple   | Reached ** piety under Dithmenos
  2822 | D:4      | HP: 1/42 [shadow imp/nerve-wracking pain (10)]
  2867 | D:4      | Killed Edmund
  2867 | D:4      | Reached XP level 6. HP: 22/48 MP: 6/6
  2893 | Ossuary  | Entered an ossuary
  3330 | Ossuary  | Reached *** piety under Dithmenos
  3720 | D:4      | Found a bloodstained altar of Trog.
  3814 | D:4      | Noticed Ijyb
  3835 | D:4      | Killed Ijyb
  4025 | D:4      | Gained mutation: You have sharp fingernails. [demonic
                  | ancestry]
  4025 | D:4      | Reached XP level 7. HP: 55/55 MP: 7/7
  4179 | D:5      | Entered Level 5 of the Dungeon
  4372 | D:5      | Noticed Duvessa
  4372 | D:5      | Noticed Dowan
  4381 | D:5      | Killed Duvessa
  4381 | D:5      | Reached skill level 5 in Fighting
  4388 | D:5      | Killed Dowan
  4763 | D:5      | Noticed Pikel
  4959 | D:5      | Noticed Prince Ribbit
  5011 | D:5      | Killed Prince Ribbit
  5011 | D:5      | Reached XP level 8. HP: 38/62 MP: 8/8
  5179 | D:5      | Noticed Grinder
  6059 | D:6      | Reached skill level 5 in Dodging
  6217 | D:6      | Noticed Menkaure
  6219 | D:6      | Slain by a vampire

Levels and vault maps discovered:
D:1:      saegor_arrival_simple_c, layout_loops_ring
D:2:      minmay_chambers_of_ones, layout_rooms, eat_drink_and_be_merry_uskayaw,
          first_ration, uniq_sigmund
D:3:      layout_basic
D:4:      layout_gridville, minmay_temple_entry_stoned_glass,
          gup_ossuary_entry_pyramid, trog_hazing_becter, uniq_edmund, uniq_ijyb
D:5:      layout_basic, minmay_misc_feat_tiny, uniq_duvessa, uniq_grinder,
          uniq_prince_ribbit1, uniq_pikel
D:6:      layout_basic, hangedman_minor_gate_pass, uniq_menkaure
Temple:   dpeg_three_leaves_temple

Skill      XL: |  1  2  3  4  5  6  7  8 |
---------------+-------------------------+-----
Armour         | 1 2 3 4 |  4.0
Dodging        | 3 4 5 |  5.0
Stealth        | 2 3 4 |  4.6
Fighting       | 4 5 |  5.6
Short Blades   | 1 2 3 |  3.4
Unarmed Combat | |  2.6
Evocations     | |  0.7

Action                   |  1- 3 |  4- 6 |  7- 9 || total
-------------------------+-------+-------+-------++-------
Melee: Short sword       |    66 |   229 |   139 ||   434
       Unarmed           |     5 |       |       ||     5
       Punch             |     2 |     3 |     3 ||     8
Evoke: Wand              |       |       |     3 ||     3
  Use: Scroll            |       |     4 |     2 ||     6
       Potion            |       |     2 |       ||     2
 Stab: Sleeping          |     2 |    11 |     6 ||    19
  Eat: Chunk             |     1 |     5 |     5 ||    11
       Ration            |       |     1 |     1 ||     2
Armor: Robe              |    11 |    14 |       ||    25
       Leather armour    |       |    16 |    17 ||    33
Dodge: Dodged            |    44 |   178 |   106 ||   328

Table legend:
 A = Non-vault XP
 B = Vault XP
 C = Vault XP percentage of total XP
 D = Non-vault monster count
 E = Vault monster count
 F = Vault count percentage of total count
                 A         B        C        D         E       F
            +---------+---------+-------+---------+---------+-------
      Total |    1120 |     778 |  41.0 |      87 |      39 |  31.0
            +---------+---------+-------+---------+---------+-------
        D:1 |      26 |       0 |   0.0 |      15 |       0 |   0.0
        D:2 |      30 |       0 |   0.0 |       9 |       0 |   0.0
        D:3 |      91 |       0 |   0.0 |      25 |       0 |   0.0
        D:4 |     227 |     163 |  41.8 |      12 |       9 |  42.9
        D:5 |     350 |     367 |  51.2 |      18 |       3 |  14.3
        D:6 |     396 |       0 |   0.0 |       8 |       0 |   0.0
    Ossuary |       0 |     248 | 100.0 |       0 |      27 | 100.0
            +---------+---------+-------+---------+---------+-------
